 Dungeon Crawl Stone Soup version 0.30-a0-368-g86fb4627a9 (webtiles) character file.

Game seed: 11325616743100733911

58 funkygono the Firebug (level 4, -8/30 HPs)
             Began as a Human Fire Elementalist on Nov 19, 2022.
             Mangled by Crazy Yiuf
             ... wielding a +2 quarterstaff of chaos
              (12 damage)
             ... on level 2 of the Dungeon.
             The game lasted 00:03:15 (1505 turns).

funkygono the Firebug (Human Fire Elementalist)     Turns: 1505, Time: 00:03:16

Health: -8/30      AC:  2    Str: 14    XL:     4   Next: 20%
Magic:  2/7        EV: 12    Int: 21    God:
Gold:   119        SH:  0    Dex: 14    Spells: 2/8 levels left

rFire   . . .      SeeInvis .    f - +6 hammer "Pipsuh" {vorpal, rCorr Int+4}
rCold   . . .      Faith    .    (no shield)
rNeg    . . .      Spirit   .    a - +0 robe
rPois   .          Reflect  .    (no helmet)
rElec   .          Harm     .    (no cloak)
rCorr   +          Rampage  .    (no gloves)
Will    .....                    (no boots)
Stlth   ++........               d - amulet of magic regeneration
HPRegen 0.25/turn                g - +6 ring of strength
MPRegen 0.50/turn                (no ring)

@: no status effects
A: no striking features
a: no special abilities


You were on level 2 of the Dungeon.
You visited 1 branch of the dungeon, and saw 2 of its levels.

You collected 119 gold pieces.

Inventory:

Hand Weapons
 f - the +6 hammer "Pipsuh" (weapon) {vorpal, rCorr Int+4}
   (You found it on level 2 of the Dungeon)

   It inflicts extra damage upon your enemies.
   Int:       It affects your intelligence (+4).
   rCorr:     It protects you from acid and corrosion.
 l - a +2 dagger of speed
 r - a +0 whip
Armour
 a - a +0 robe (worn)
Jewellery
 d - an amulet of magic regeneration (around neck)
 g - a +6 ring of strength (left hand)
Scrolls
 h - a scroll of fog {unknown}
 j - a scroll of blinking {unknown}
 k - a scroll of enchant armour {unknown}
 n - a scroll of magic mapping {unknown}
 o - 2 scrolls of identify {unknown}
 p - a scroll of teleportation {unknown}
 q - a scroll of vulnerability {unknown}
 s - a scroll of noise {unknown}
Potions
 b - a potion of magic
 c - a potion of mutation {unknown}
 e - a potion of heal wounds {unknown}
 i - a potion of resistance {unknown}
 m - a potion of lignification {unknown}


   Skills:
 + Level 2.1 Dodging
 - Level 2.0 Stealth
 + Level 2.5 Spellcasting
 + Level 1.4 Conjurations
 + Level 4.1 Fire Magic


You had 2 spell levels left.
You knew the following spells:

 Your Spells              Type           Power      Damage    Failure   Level
a - Foxfire               Conj/Fire      56%        2x1d6     4%          1
b - Scorch                Fire           40%        2d7       3%          2
c - Kindle Blastsparks    Fire/Tloc/Air  16%        2d11      24%         3

Your spell library contained the following spells:

 Spells                   Type           Power      Damage    Failure   Level
 Inner Flame              Hex/Fire       11%        N/A       19%         3
 Flame Wave               Conj/Fire      14%        2d6       41%         4


Dungeon Overview and Level Annotations

Branches:
Dungeon (2/15)

Altars:
Uskayaw

Annotations:
D:2 Crazy Yiuf


Message History

You kill the hobgoblin!
Your foxfire dissipates! x2
o - 2 scrolls labelled LUESIR QORECIT (gained 1)
You now have 119 gold pieces (gained 15).
Found a stone staircase leading up.
s - a scroll labelled COTUIM WESSI
Things that are here:
a +0 dagger; a goblin skeleton You see here a +0 leather armour.
Things that are here:
a +0 short sword; a kobold skeleton You see here a +0 hammer.
You see here a +0 hammer.
You see here a +0 hammer.
Crazy Yiuf shouts!
You see here a +0 hammer.
Could not explore, unopened runed door.
You open the door.
Casting: Foxfire (safe; 4% risk of failure)
Confirm with . or Enter, or press ? or * to list all spells.
Flames lash Crazy Yiuf.
Crazy Yiuf is lightly wounded.
Crazy Yiuf's fire resistance burns away.
Crazy Yiuf hits you with a +2 quarterstaff of chaos!
Crazy Yiuf burns you.
Casting: Scorch (safe; 3% risk of failure)
Confirm with . or Enter, or press ? or * to list all spells.
Flames lash Crazy Yiuf.
Crazy Yiuf is burned terribly!
Crazy Yiuf is heavily wounded.
Crazy Yiuf hits you with a +2 quarterstaff of chaos!
* * * LOW HITPOINT WARNING * * *
Crazy Yiuf burns you.
* * * LOW HITPOINT WARNING * * *
Casting: Scorch (safe; 3% risk of failure)
Confirm with . or Enter, or press ? or * to list all spells.
Flames lash Crazy Yiuf.
Crazy Yiuf is burned terribly!
Crazy Yiuf is almost dead.
Crazy Yiuf screams, "Goober disdain foot!"
Crazy Yiuf hits you with a +2 quarterstaff of chaos!
You die...

#.......#...#########...#
#.....#.......##...####.#
#######........#...####..
##########...#.....
#...#.#... ##♣♣♣♣♣
#.......#. ###.P)♣)♣♣♣ ###
#......##.
##...P..♣))♣#)))#
#...##.###
#)....P♣♣♣♣@g)).#
#...##...# #..#.P♣♣ ♣♣#)))#
######.#.. #..##♣♣ ###
##.### ##.# #..# # #.#
###.#### #.# ###
###########...#...
#.###.####......##.......##
#.......#........#.#.#####
###...........)....#.#


You could see Crazy Yiuf (combustible).

Vanquished Creatures
  An adder (D:2)
  A worm (D:2)
  2 dart slugs
  5 ball pythons (D:1)
  4 bats
  4 endoplasms
  3 giant cockroaches
  6 hobgoblins
  A quokka (D:2)
  2 frilled lizards (D:2)
  3 goblins
  4 kobolds
  5 rats
41 creatures vanquished.

Vanquished Creatures (others)
  125 foxfires
125 creatures vanquished.

Grand Total: 166 creatures vanquished

Notes
Turn   | Place    | Note
-------+----------+-------------------------------------------
     0 | D:1      | funkygono the Human Fire Elementalist began the quest for
                  | the Orb.
     0 | D:1      | Reached XP level 1. HP: 13/13 MP: 3/3
    81 | D:1      | Reached XP level 2. HP: 19/19 MP: 3/5
    84 | D:1      | Learned a level 2 spell: Scorch
   556 | D:1      | Reached XP level 3. HP: 24/24 MP: 3/6
   560 | D:1      | Learned a level 3 spell: Kindle Blastsparks
   951 | D:2      | Found a faded altar of an unknown god.
  1069 | D:2      | Reached skill level 4 in Fire Magic
  1127 | D:2      | Reached XP level 4. HP: 30/30 MP: 5/7
  1131 | D:2      | Found a hide-covered altar of Uskayaw.
  1237 | D:2      | Identified the +6 hammer "Pipsuh" {vorpal, rCorr Int+4}
  1238 | D:2      | Found a runed translucent door.
  1243 | D:2      | Noticed Crazy Yiuf
  1505 | D:2      | Mangled by Crazy Yiuf

Illustrated notes

Levels and vault maps discovered:
D:1:      lemuel_arrival_funnel, layout_loops_ring, hex_medium
D:2:      layout_rooms, basic_altar, hellmonk_ecumenical_altar_run_dry,
          uniq_crazy_yiuf_cottage

Skill      XL: |  1  2  3 |
---------------+----------+-----
Fire Magic     | 4 |  4.1
Dodging        | |  2.1
Stealth        | |  2.0
Spellcasting   | |  2.5
Conjurations   | |  1.4

Action                   |  1- 3 |  4- 6 || total
-------------------------+-------+-------++-------
 Cast: Foxfire           |    54 |    15 ||    69
       Scorch            |     7 |     3 ||    10
Armor: Robe              |     3 |       ||     3

Table legend: (Time is in decaauts)
 A = Elapsed time spent in this place.
 B = Non-inter-level travel time spent in this place.
 C = Inter-level travel time spent in this place.
 D = Time resting spent in this place.
 E = Time spent auto-exploring this place.
 F = Levels seen in this place.
 G = Mean time per level.
                   A        B        C        D        E       F      G
               +--------+--------+--------+--------+--------+-----+--------+
         Total |   1502 |   1454 |     48 |      0 |   1196 |   2 |  751.0 |
       Dungeon |   1502 |   1454 |     48 |      0 |   1196 |   2 |  751.0 |
               +--------+--------+--------+--------+--------+-----+--------+

Top non-repeatable levels by time:
     D:1: 847 daAuts
     D:2: 655 daAuts
